 Dungeon Crawl Stone Soup version 0.30-a0-394-g3e4acdb0ae (webtiles) character file.

Game seed: 565743868622781775

14 Raultor the Insei (level 2, 0/18 HPs)
             Began as an Octopode Transmuter on Dec 6, 2022.
             Slain by an endoplasm (2 damage)
             ... on level 1 of the Dungeon.
             The game lasted 00:01:41 (346 turns).

Raultor the Insei (Octopode Transmuter)              Turns: 346, Time: 00:01:42

Health: 0/18       AC:  1    Str:  9    XL:     2   Next: 45%
Magic:  5/5        EV: 13    Int: 15    God:
Gold:   10         SH:  0    Dex: 12    Spells: 2/5 levels left

rFire   . . .      SeeInvis .      - Unarmed
rCold   . . .      Faith    .    (no shield)
rNeg    . . .      Spirit   .    (helmet currently unavailable)
rPois   .          Reflect  .    (no amulet)
rElec   .          Harm     .    (no ring)
rCorr   .          Rampage  .    (no ring)
Will    .....                    (no ring)
Stlth   ++........               (no ring)
HPRegen 0.23/turn                (no ring)
MPRegen 0.09/turn                (no ring)
                                 (no ring)
                                 (no ring)

@: appendages (expiring)
A: tentacle spike 3, almost no armour, amphibious, 8 rings, camouflage 1,
gelatinous body 1, (nimble swimmer 1), tentacles
a: End Transformation


You were on level 1 of the Dungeon.
One of your tentacles had grown a beastly spike.
You visited 1 branch of the dungeon, and saw 1 of its levels.

You collected 10 gold pieces.


Innate Abilities, Weirdness & Mutations

One of your tentacles has grown a beastly spike.
You cannot wear most types of armour.
You are amphibious.
You can wear up to eight rings at the same time.
Your skin changes colour to match your surroundings (Stealth+).
Your rubbery body absorbs attacks. (AC +1, EV +1)
((You are camouflaged when in or above water. (Stealth+)))
You have tentacles for arms and can constrict up to eight enemies at once.


   Skills:
 + Level 1.2 Fighting
 - Level 2.0 Dodging
 + Level 3.1 Unarmed Combat
 - Level 2.0 Spellcasting
 * Level 2.3 Transmutations
 * Level 1.0 Ice Magic


You had 2 spell levels left.
You knew the following spells:

 Your Spells              Type           Power      Damage    Failure   Level
b - Beastly Appendage     Tmut           16%        N/A       9%          1
w - Wereblood             Tmut           8%         N/A       13%         2

Your spell library contained the following spells:

 Spells                   Type           Power      Damage    Failure   Level
 Spider Form              Tmut/Pois      5%         N/A       38%         3
 Ignite Poison            Fire/Tmut/Pois 3%         N/A       43%         3
 Kindle Blastsparks       Fire/Tloc/Air  2%         2d10      54%         3
 Ice Form                 Ice/Tmut       6%         N/A       73%         4
 Freezing Cloud           Conj/Ice/Air   1%         6-21      99%         5

Inventory:

Scrolls
 b - 3 scrolls of fear {unknown}
 d - 2 scrolls of teleportation {unknown}
 f - a scroll of vulnerability {unknown}
Potions
 a - a potion of lignification
 c - a potion of attraction {unknown}
 e - a potion of curing {unknown}

Dungeon Overview and Level Annotations

Branches:
Dungeon (1/15)

Altars:

♣♣.. ♣... ... #♣).. # ..#
#...~ ..#### .. #..~~ #.
...##### #.## #..~P #.
#..... ...# #.≈≈P
##.####...#####...###.≈PP
##......#@...........+P~P~
##......$J#..##..###.##.~P≈
#..........#..#.## #.##.~~~
#..........##...####.##≈~≈.
#..........##..#......#~~.<
#....†...........###..#~...
#........?......## ##.#~...
##..........###.# #.#~...
#..........## #.## #.#~..♣


You could see an endoplasm.


Message History

The ball python constricts you.
You barely miss the ball python.
The ball python is severely wounded.
You constrict the ball python, but do no damage.
The ball python misses you. The ball python constricts you.
The ball python barely misses you. The ball python constricts you.
You tentacle-slap the ball python.
You kill the ball python!
The endoplasm freezes you.
You are frozen.
You tentacle-slap the endoplasm but do no damage.
Your tentacle spike misses the endoplasm.
The endoplasm freezes you.
You are frozen.
* * * LOW HITPOINT WARNING * * *
You are too injured to fight recklessly!
You are too injured to fight recklessly!
The endoplasm freezes you.
You are frozen.
* * * LOW HITPOINT WARNING * * *
The endoplasm attacks as you move away! The endoplasm closely misses you.
Your transformation is almost over.
The endoplasm attacks as you move away! The endoplasm hits you.
* * * LOW HITPOINT WARNING * * *
Unknown command.
You tentacle-slap the endoplasm.
You pierce the endoplasm.
You kill the endoplasm!
Your Ice Magic skill increases to level 1!
You barely miss the endoplasm. The endoplasm hits you.
You die...

Skill      XL: |  1  2 |
---------------+-------+-----
Ice Magic      | 1 |  1.0
Fighting       | |  1.2
Dodging        | |  2.0
Unarmed Combat | |  3.1
Spellcasting   | |  2.0
Transmutations | |  2.3

Action                   || total
-------------------------++-------
Melee: Unarmed           ||    32
       Constrict         ||     6
       Tentacles         ||     3
       Kick              ||     3
 Cast: Beastly Appendage ||     4
 Stab: Sleeping          ||     2
Armor: Skin              ||     3
Dodge: Dodged            ||    19

Levels and vault maps discovered:
D:1:      tarquinn_simple_flora_water_c, layout_rooms,
          shapermc_ecumenical_altar_gd

Notes
Turn   | Place    | Note
-------+----------+-------------------------------------------
     0 | D:1      | Raultor the Octopode Transmuter began the quest for the
                  | Orb.
     0 | D:1      | Reached XP level 1. HP: 13/13 MP: 3/3
    71 | D:1      | Found a faded altar of an unknown god.
   177 | D:1      | Reached XP level 2. HP: 17/18 MP: 3/5
   180 | D:1      | Learned a level 2 spell: Wereblood
   343 | D:1      | HP: 1/18 [endoplasm (3)]
   346 | D:1      | Reached skill level 1 in Ice Magic
   346 | D:1      | Slain by an endoplasm

Vanquished Creatures
  A dart slug (D:1)
  2 ball pythons (D:1)
  2 endoplasms (D:1)
  2 hobgoblins (D:1)
  A quokka (D:1)
  A frilled lizard (D:1)
  2 rats (D:1)
11 creatures vanquished.

Table legend: (Time is in decaauts)
 A = Elapsed time spent in this place.
 B = Non-inter-level travel time spent in this place.
 C = Inter-level travel time spent in this place.
 D = Time resting spent in this place.
 E = Time spent auto-exploring this place.
 F = Levels seen in this place.
 G = Mean time per level.
                   A        B        C        D        E       F      G
               +--------+--------+--------+--------+--------+-----+--------+
         Total |    344 |    344 |      0 |      0 |    252 |   1 |  344.0 |
       Dungeon |    344 |    344 |      0 |      0 |    252 |   1 |  344.0 |
               +--------+--------+--------+--------+--------+-----+--------+

Top non-repeatable levels by time:
     D:1: 344 daAuts

Table legend:
 A = Non-vault XP
 B = Vault XP
 C = Vault XP percentage of total XP
 D = Non-vault monster count
 E = Vault monster count
 F = Vault count percentage of total count
                 A         B        C        D         E       F
            +---------+---------+-------+---------+---------+-------
      Total |      21 |       0 |   0.0 |      11 |       0 |   0.0
            +---------+---------+-------+---------+---------+-------
        D:1 |      21 |       0 |   0.0 |      11 |       0 |   0.0
            +---------+---------+-------+---------+---------+-------
